 Dungeon Crawl Stone Soup version 0.27-a0-1136-g0b992a5a9d (webtiles) character file.

Game seed: 9116418951189973500

3878 karkarkar the Destroyer (level 10, -15/51 HPs)
             Began as a Deep Elf Conjurer on May 3, 2021.
             Was a Priest of Vehumet.
             Killed from afar by Harold (16 damage)
             ... with a bolt of acid
             ... on level 8 of the Dungeon on May 4, 2021.
             The game lasted 01:00:08 (10716 turns).

karkarkar the Destroyer (Deep Elf Conjurer)        Turns: 10716, Time: 01:00:09

Health: -15/51     AC:  7    Str: 10    XL:     10   Next: 0%
Magic:  14/23      EV: 12    Int: 27    God:    Vehumet [***...]
Gold:   455        SH:  0    Dex: 13    Spells: 10/24 levels left

rFire    + . .     SeeInvis .   m - staff of fire
rCold    + . .     Faith    .   (no shield)
rNeg     . . .     Spirit   .   g - +1 leather armour {rC+}
rPois    .         Reflect  .   (no helmet)
rElec    .         Harm     .   (no cloak)
rCorr    .         Rampage  .   w - +2 pair of gloves
Will     +....                  (no boots)
Stlth    +++.......             K - amulet of magic regeneration
HPRegen  0.17/turn              J - +6 ring of strength
MPRegen  0.43/turn              (no ring)

@: about to teleport, marked
A: no striking features
a: Renounce Religion


You were on level 8 of the Dungeon.
You worshipped Vehumet.
Vehumet was most pleased with you.
You visited 2 branches of the dungeon, and saw 9 of its levels.
You also visited: Sewer.

You collected 455 gold pieces.

Inventory:

Hand Weapons
 b - a +0 dagger
 f - a +2 dagger of flaming
Armour
 g - a +1 leather armour of cold resistance (worn)
 w - a +2 pair of gloves (worn)
 x - a +3 leather armour
Magical Staves
 m - a staff of fire (weapon)
 s - a staff of death
Jewellery
 y - an amulet of the acrobat
 I - an amulet of the acrobat
 J - a +6 ring of strength (left hand)
 K - an amulet of magic regeneration (around neck)
Wands
 C - a wand of flame (14)
 H - a wand of mindburst (36)
 L - a wand of acid (8)
Scrolls
 a - 2 scrolls of enchant weapon
 d - 2 scrolls of enchant armour
 e - 4 scrolls of amnesia
 h - a scroll of torment
 j - a scroll of holy word
 l - a scroll of teleportation
 p - a scroll of vulnerability
 q - a scroll of noise {unknown}
 t - 4 scrolls of magic mapping
 u - a scroll of brand weapon {unknown}
 A - a scroll of silence
 D - 3 scrolls of fog
 E - a scroll of fear {unknown}
Potions
 i - 2 potions of flight
 k - a potion of attraction
 n - a potion of lignification {unknown}
 o - 3 potions of haste
 r - a potion of heal wounds
 v - a potion of magic
 z - a potion of ambrosia {unknown}
 B - 3 potions of curing
 F - a potion of might
 G - a potion of brilliance {unknown}


   Skills:
 - Level 0.3 Fighting
 + Level 4.3 Armour
 - Level 2.9 Dodging
 + Level 5.1 Stealth
 - Level 7.7 Spellcasting
 + Level 11.0 Conjurations
 * Level 8.7 Hexes


You had 10 spell levels left.
You knew the following spells:

 Your Spells              Type           Power      Damage    Failure   Level
a - Magic Dart            Conj           100%       1d8       1%          1
b - Searing Ray           Conj           100%       3d7       1%          2
c - Ensorcelled Hibernat  Hex/Ice        66%        N/A       1%          2
d - Freeze                Ice            40%        1d6       1%          1
e - Tukima's Dance        Hex            55%        N/A       1%          3
f - Shock                 Conj/Air       100%       1d9       1%          1
g - Fulminant Prism       Conj/Hex       29%        3d14      1%          4

Your spell library contained the following spells:

 Spells                   Type           Power      Damage    Failure   Level
 Ignite Poison            Fire/Tmut/Pois 15%        N/A       6%          3
 Corona                   Hex            61%        N/A       1%          1
 Confusing Touch          Hex            55%        N/A       1%          3
 Dazzling Flash           Conj/Hex       100%       N/A       1%          3
 Iskenderun's Mystic Bla  Conj/Tloc      40%        2d9       2%          4


Dungeon Overview and Level Annotations

Branches:
Dungeon (8/15)             Temple (1/1) D:4           Sewer (visited)
   Lair: D:8-11

Altars:
Ashenzari
Cheibriados
Dithmenos
Elyvilon
Fedhas
Kikubaaqudgha
Makhleb
Nemelex Xobeh
Okawaru
Qazlal
Sif Muna
Uskayaw
Vehumet
Wu Jian
Xom
The Shining One

Annotations:
D:8 1 runed translucent door, Drazool's ghost, novice FoAK; Erica; Harold


Message History

The blast of energy engulfs Harold!
Harold is lightly wounded.
Aiming: Fulminant Prism (safe; 1% risk of failure)
Press: ? - help, Q - select action, (/) - cycle Dir - move target Harold resists with almost no effort.
The +1 vampiric short sword dances into the air!
Harold throws a throwing net.
The throwing net hits your +1 vampiric short sword.
Your +1 vampiric short sword is caught in the net!
Aiming: Fulminant Prism (safe; 1% risk of failure)
Press: ? - help, Q - select action, (/) - cycle Dir - move target, p - Harold You conjure a prism of explosive energy!
A fulminant prism comes into view.
Harold hits your fulminant prism! Harold hits your fulminant prism.
Your +1 vampiric short sword struggles against the net.
Your fulminant prism crackles loudly.
Items here: ( )) รท.
Harold hits your fulminant prism.
Your fulminant prism explodes!
The blast of energy engulfs your +1 vampiric short sword but does no damage.
The blast of energy engulfs Harold!
Harold is moderately wounded.
Your +1 vampiric short sword struggles against the net.
You hear an angry growl.
Your +1 vampiric short sword struggles against the net.
Things that are here:
17 arrows; a +0 shortbow The searing ray hits Harold!
Harold is moderately wounded. (Press . to maintain the ray.) Harold zaps a wand.
The bolt of acid hits you!!
You are splashed with acid!
* * * LOW HITPOINT WARNING * * *
Something barely misses Harold.
As you read the scroll of teleportation, it crumbles to dust.
You feel strangely unstable.
Harold points at you and mumbles some strange words.
A sentinel's mark forms upon you.
Harold zaps a wand.
The bolt of acid hits you!
You die...

#..#####.#.....###.#
#..##.........####.######..
#.....##.###.##.....)....c.
##.#####.# #.##.##.######..
#.......# #.......#
######### #..(.)..#
#.##..#(# #@###.#.#
#...@...# #####.### #(..
...... ##..#'#.. ..'_'..
..#'#.. .... .#


You could see Harold.

Vanquished Creatures
  Grum (D:8)
  A steam dragon (D:8)
  Menkaure (D:6)
  2 water moccasins
  2 necrophages
  3 black bears
  3 wolves (D:8)
  3 ogres
  5 centaurs (D:8)
  3 phantoms
  5 bullfrogs
  A wyvern zombie (D:7)
  4 scorpions
  A water moccasin skeleton (D:5)
  A centaur zombie (D:5)
  2 jellies
  4 hounds
  A gnoll shaman (D:6)
  An orc wizard (D:6)
  An iguana (D:5)
  2 killer bee zombies
  A hound skeleton (D:4)
  2 howler monkey zombies (D:8)
  12 gnolls
  14 adders
  8 river rats (Sewer)
  2 white imps
  An ufetubus (D:4)
  A worm (D:3)
  4 dart slugs
  34 orcs
  7 bats
  8 endoplasms
  3 giant cockroaches
  6 goblins
  9 hobgoblins
  5 jackals
  10 kobolds
  8 quokkas
  20 ball pythons
  3 frilled lizards
  29 rats
234 creatures vanquished.

Vanquished Creatures (collateral kills)
  An orc warrior (D:8)
  An ogre (D:7)
  2 gnoll sergeants
  2 orc priests (D:7)
  3 orcs (D:7)
9 creatures vanquished.

Vanquished Creatures (others)
  A dancing weapon (D:6)
  7 fulminant prisms (D:8)
  12 fungi (D:8)
  71 plants
91 creatures vanquished.

Grand Total: 334 creatures vanquished

Notes
Turn   | Place    | Note
-------+----------+-------------------------------------------
     0 | D:1      | karkarkar the Deep Elf Conjurer began the quest for the
                  | Orb.
     0 | D:1      | Reached XP level 1. HP: 10/10 MP: 6/6
   160 | D:1      | Reached XP level 2. HP: 15/15 MP: 2/8
   163 | D:1      | Learned a level 2 spell: Searing Ray
   532 | D:1      | Reached skill level 5 in Conjurations
   792 | D:1      | Reached XP level 3. HP: 19/19 MP: 8/10
  1109 | D:2      | Reached XP level 4. HP: 24/24 MP: 6/11
  1684 | D:2      | Reached skill level 1 in Armour
  1876 | D:3      | Noticed an ogre
  2304 | D:3      | Found a faded altar of an unknown god.
  3032 | D:4      | Noticed a scorpion
  3035 | D:4      | Killed a scorpion
  3036 | D:4      | Reached XP level 5. HP: 28/28 MP: 8/13
  3131 | D:4      | Noticed a phantom
  3141 | D:4      | Killed a phantom
  3142 | D:4      | Reached skill level 5 in Spellcasting
  3142 | D:4      | Reached skill level 6 in Conjurations
  3390 | D:4      | Reached XP level 6. HP: 28/32 MP: 10/15
  3693 | D:4      | Found a staircase to the Ecumenical Temple.
  3754 | Temple   | Entered the Ecumenical Temple
  3913 | Temple   | Became a worshipper of Vehumet
  4503 | D:4      | Reached XP level 7. HP: 36/36 MP: 11/18
  4736 | D:5      | Entered Level 5 of the Dungeon
  4859 | D:5      | Reached skill level 7 in Conjurations
  5027 | D:5      | Upgraded the game from 0.27-a0-1123-g2f9bb313c0 to
                  | 0.27-a0-1136-g0b992a5a9d
  5361 | D:5      | Learned a level 2 spell: Ensorcelled Hibernation
  5367 | D:5      | Reached * piety under Vehumet
  5367 | D:5      | Offered knowledge of Freeze by Vehumet.
  5370 | D:5      | Learned a level 1 spell: Freeze
  5498 | D:5      | Reached XP level 8. HP: 41/42 MP: 11/21
  5865 | D:5      | Found a shadowy altar of Dithmenos.
  5870 | D:5      | Reached skill level 1 in Hexes
  6011 | D:5      | Reached skill level 8 in Conjurations
  6154 | D:6      | Found a glowing drain.
  6187 | Sewer    | Entered a sewer
  6559 | Sewer    | Reached ** piety under Vehumet
  6565 | Sewer    | Learned a level 3 spell: Tukima's Dance
  6570 | Sewer    | Offered knowledge of Shock by Vehumet.
  6576 | Sewer    | Learned a level 1 spell: Shock
  7116 | D:6      | Reached skill level 9 in Conjurations
  7175 | D:6      | Learned a level 4 spell: Fulminant Prism
  7412 | D:6      | Noticed Menkaure
  7429 | D:6      | Killed Menkaure
  7429 | D:6      | Offered knowledge of Stone Arrow by Vehumet.
  7475 | D:6      | Reached XP level 9. HP: 46/46 MP: 6/22
  7700 | D:6      | Reached *** piety under Vehumet
  7751 | D:6      | You fall into a shaft and drop 1 floor!
  8381 | D:7      | Reached skill level 5 in Hexes
  8697 | D:7      | Reached skill level 10 in Conjurations
  9243 | D:8      | Noticed Grum
  9274 | D:8      | HP: 1/46 [bullfrog (4)]
  9353 | D:8      | Offered knowledge of Ignite Poison by Vehumet.
  9354 | D:8      | Reached skill level 5 in Stealth
  9358 | D:8      | Found a runed translucent door.
  9358 | D:8      | Noticed Drazool's ghost (novice FoAK)
  9769 | D:8      | Killed Grum
 10291 | D:8      | Noticed Erica
 10696 | D:8      | Noticed Harold
 10697 | D:8      | Reached skill level 11 in Conjurations
 10697 | D:8      | Reached XP level 10. HP: 33/51 MP: 21/23
 10712 | D:8      | HP: 1/51 [acid (15)]
 10716 | D:8      | Found an ancient bone altar of Kikubaaqudgha.
 10716 | D:8      | Killed from afar by Harold

Illustrated notes

Levels and vault maps discovered:
D:1:      eino_arrival_water_cross, layout_basic, kennysheep_doodads
D:2:      layout_loops_cross, minmay_pentomino_p4
D:3:      layout_basic, basic_ecumenical_altar, minmay_distorted
D:4:      layout_cave_pods, temple_pool_b
D:5:      layout_basic, overflow_temple_1_default
D:6:      layout_rooms, portal_sewer_entry_f, nicolae_ossuary_entry_plus,
          uniq_menkaure
D:7:      layout_basic, corner_web_ring
D:8:      kennysheep_housing_project, layout_loops_cross, kennysheep_mini_moat,
          grunt_temple_overflow_diamond, grunt_lair_entry_orc_guard_hut,
          hellmonk_ghost_happy_afterlife, uniq_harold, uniq_grum, uniq_erica
Temple:   eino_temple_lava

Skill      XL: |  1  2  3  4  5  6  7  8  9 |
---------------+----------------------------+-----
Conjurations   | 5 6 7 9 11 | 11.0
Spellcasting   | 4 5 6 7 |  7.7
Armour         | 1 2 3 4 |  4.3
Stealth        | 3 4 5 |  5.1
Hexes          | 4 8 |  8.7
Fighting       | |  0.3
Dodging        | |  2.9

Action                   |  1- 3 |  4- 6 |  7- 9 | 10-12 || total
-------------------------+-------+-------+-------+-------++-------
Melee: Dagger            |     1 |       |       |       ||     1
       Staff             |       |       |     2 |       ||     2
 Cast: Magic Dart        |    51 |   123 |   192 |       ||   366
       Searing Ray       |       |    10 |    73 |     1 ||    84
       Shock             |       |       |     7 |       ||     7
       Tukima's Dance    |       |       |    13 |     2 ||    15
       Ensorcelled Hiber |       |       |    11 |       ||    11
       Fulminant Prism   |       |       |     5 |     2 ||     7
       Freeze            |       |       |     1 |       ||     1
Evoke: Wand              |       |       |     2 |       ||     2
  Use: Scroll            |       |     4 |    12 |     1 ||    17
       Potion            |       |     1 |     9 |       ||    10
 Stab: Sleeping          |       |       |     1 |       ||     1
Armor: Leather armour    |       |     3 |    30 |       ||    33
Dodge: Dodged            |     2 |    16 |    90 |     1 ||   109

Table legend: (Time is in decaauts)
 A = Elapsed time spent in this place.
 B = Non-inter-level travel time spent in this place.
 C = Inter-level travel time spent in this place.
 D = Time resting spent in this place.
 E = Time spent auto-exploring this place.
 F = Levels seen in this place.
 G = Mean time per level.
                   A        B        C        D        E       F      G
               +--------+--------+--------+--------+--------+-----+--------+
         Total |  10768 |  10617 |    151 |   1339 |   6357 |  10 | 1076.8 |
       Dungeon |   9704 |   9553 |    151 |   1111 |   5816 |   8 | 1213.0 |
        Temple |    169 |    169 |      0 |      0 |    100 |   1 |  169.0 |
         Sewer |    894 |    894 |      0 |    228 |    441 |   1 |  894.0 |
               +--------+--------+--------+--------+--------+-----+--------+

Top non-repeatable levels by time:
     D:4: 1569 daAuts
     D:7: 1432 daAuts
     D:5: 1373 daAuts
     D:8: 1299 daAuts
     D:3: 1176 daAuts
     D:6: 1050 daAuts
     D:1: 934 daAuts
   Sewer: 894 daAuts
     D:2: 869 daAuts
  Temple: 169 daAuts
